 Dungeon Crawl Stone Soup version 0.21.1-1-g345015f (webtiles) character file.

138 kaesh the Shield-Bearer (level 5, 0/42 HPs)
             Began as a Formicid Fighter on July 14, 2018.
             Slain by an orc priest
             ... wielding a +0 hand axe
              (7 damage)
             ... on level 3 of the Dungeon.
             The game lasted 00:04:25 (1850 turns).

kaesh the Shield-Bearer (Formicid Fighter)          Turns: 1850, Time: 00:04:29

Health: 0/42       AC:  8    Str: 19 (21) XL:     5   Next: 45%
Magic:  5/5        EV:  8    Int:  6 (8)  God:
Gold:   122        SH:  9    Dex:  7 (10) Spells: 4/4 levels left

rFire    . . .     SeeInvis +   a - +0 war axe
rCold    . . .     Gourm    .   c - +0 shield
rNeg     . . .     Faith    .   b - +0 scale mail
rPois    .         Spirit   .   (helmet unavailable)
rElec    .         Reflect  .   (no cloak)
rCorr    .         Harm     .   (no gloves)
MR       .....                  k - +0 pair of boots
Stlth    ..........             (no amulet)
HPRegen  0.14/turn              (no ring)
MPRegen  0.09/turn              (no ring)

@: no status effects
A: permanent stasis, dig shafts and tunnels, four strong arms, antennae 3,
subdued magic 1
a: Dig, Shaft Self


You were on level 3 of the Dungeon.
You were not hungry.

You visited 1 branch of the dungeon, and saw 3 of its levels.

You collected 122 gold pieces.

Inventory:

Hand Weapons
 a - a +0 war axe (weapon)
 m - a +2 flail of protection
Armour
 b - a +0 scale mail (worn)
 c - a +0 shield (worn)
 k - a +0 pair of boots (worn)
Scrolls
 h - 3 scrolls of identify
 i - 5 scrolls of teleportation
Potions
 d - a potion of might
 e - 2 potions of curing
 g - a potion of invisibility
 j - a potion of brilliance
 o - 2 potions of degeneration
Comestibles
 f - 3 rations


   Skills:
 + Level 4.2 Fighting
 + Level 3.3 Axes
 + Level 4.0 Armour
 + Level 0.6 Dodging
 + Level 4.4 Shields


You had 4 spell levels left.
You didn't know any spells.

Dungeon Overview and Level Annotations

Branches:
Dungeon (3/15)

Altars:
Fedhas


Innate Abilities, Weirdness & Mutations

You cannot be hasted, slowed, berserked, paralysed or teleported.
You can dig through walls and to a lower floor.
Your four strong arms can wield two-handed weapons with a shield.
You have a pair of large antennae on your head. (SInv)
Your spells are a little easier to cast, but a little less powerful.


Message History

The orc priest is almost dead.
You hit the plant. You block the orc priest's attack.
The orc priest closely misses you.
You barely miss the orc priest.
The orc priest is almost dead.
You hit the plant.
The orc priest casts a cantrip, but nothing happens.
You closely miss the orc priest.
The orc priest is almost dead.
You slash the plant!
The orc priest mumbles some strange prayers to Beogh against you.
Beogh smites you!
* * * LOW HITPOINT WARNING * * *
You hit the orc priest but do no damage.
The orc priest is almost dead.
You hit the plant but do no damage.
The orc priest mumbles some strange prayers to Beogh against you.
You struggle to resist.
The orc priest hits you with a hand axe!
You die...

..# ##### #.
#######...#### #.
#............# #.
#.#####...##.# #.
#.#####..###.#########
### ##
#.##.....##..)........
..# #
#.#...#.###.....#####
#.# # #....>..#
#.P.P@# ###.#####.# #
####...####..._.o.#
... ..##.# #
#.........#..P.P..#
#..#.##.####
#.........#.......#
#..#.##.....
#.........#........
#...........
####....###.......##
####.###....
#.......###.......#
#......####
#.##......#.......#
#.#.##.# # #.###.....#
#####.#.##.# #


You could see an orc priest.

Vanquished Creatures
  Jessica (D:2)
  5 adders (D:2)
  A worm (D:2)
  4 dart slugs
  A leopard gecko (D:2)
  2 orcs (D:3)
  A ball python (D:2)
  5 giant cockroaches
  6 goblins
  5 hobgoblins
  4 jackals (D:1)
  8 kobolds
  A quokka (D:2)
  2 bats
  2 frilled lizards
  4 rats
52 creatures vanquished.

Notes
Turn   | Place    | Note
-------+----------+-------------------------------------------
     0 | D:1      | kaesh the Formicid Fighter began the quest for the Orb.
     0 | D:1      | Reached XP level 1. HP: 18/18 MP: 1/1
    67 | D:1      | Reached XP level 2. HP: 23/24 MP: 2/2
   305 | D:1      | Reached XP level 3. HP: 27/30 MP: 3/3
   626 | D:1      | Gained mutation: You are dopey. (Int -2) [potion of mutation]
   626 | D:1      | Gained mutation: Your spells are a little easier to cast, but a little less powerful. [potion of mutation]
   626 | D:1      | Lost mutation: You are dopey. (Int -2) [potion of mutation]
   826 | D:2      | Reached XP level 4. HP: 28/37 MP: 4/4
  1389 | D:2      | Reached XP level 5. HP: 42/42 MP: 5/5
  1520 | D:2      | Noticed Jessica
  1525 | D:2      | Killed Jessica
  1834 | D:3      | Found a blossoming altar of Fedhas.
  1850 | D:3      | Slain by an orc priest

Skill      XL: |  1  2  3  4  5 |
---------------+----------------+-----
Shields        | 4 |  4.4
Fighting       | 4 |  4.2
Axes           | 3 |  3.3
Armour         | 4 |  4.0
Dodging        | |  0.6

Action                   |  1- 3 |  4- 6 || total
-------------------------+-------+-------++-------
Melee: War axe           |    76 |    90 ||   166
  Use: Scroll            |     3 |     1 ||     4
       Potion            |     2 |     3 ||     5
  Eat: Chunk             |       |     3 ||     3
Armor: Scale mail        |    39 |    37 ||    76
Dodge: Dodged            |    22 |    33 ||    55
Block: Shield            |    38 |    51 ||    89
